 Dungeon Crawl Stone Soup version 0.25-a0-566-g062765be81 (webtiles) character file.

Game seed: 16718000378351938392, levelgen mode: deterministic

230 Flugslaktarn the Chopper (level 5, 0/47 HPs)
             Began as a Minotaur Fighter on Feb 27, 2020.
             Slain by Pikel
             ... wielding a +0 whip of electrocution
              (6 damage)
             ... on level 4 of the Dungeon.
             The game lasted 00:01:11 (1741 turns).

Flugslaktarn the Chopper (Minotaur Fighter)         Turns: 1741, Time: 00:01:11

Health: 0/47       AC:  9    Str: 22    XL:     5   Next: 72%
Magic:  4/4        EV:  5    Int:  5    God:
Gold:   68         SH:  9    Dex:  9    Spells: 4/4 levels left

rFire    . . .     SeeInvis .   a - +0 war axe
rCold    . . .     Gourm    .   c - +0 kite shield
rNeg     . . .     Faith    .   g - +0 chain mail
rPois    .         Spirit   .   (helmet restricted)
rElec    .         Reflect  .   (no cloak)
rCorr    +         Harm     .   (no gloves)
MR       .....                  (no boots)
Stlth    ..........             (no amulet)
HPRegen  0.15/turn              k - ring of resist corrosion
MPRegen  0.09/turn              (no ring)

@: no status effects
A: retaliatory headbutt, horns 2
a: no special abilities


You were on level 4 of the Dungeon.
You were hungry.

You visited 1 branch of the dungeon, and saw 4 of its levels.

You collected 68 gold pieces.

Inventory:

Hand Weapons
 a - a +0 war axe (weapon)
Missiles
 b - a throwing net (quivered)
Armour
 c - a +0 kite shield (worn)
 g - a +0 chain mail (worn)
   (You took it off an orc on level 4 of the Dungeon)
Jewellery
 k - a ring of resist corrosion (left hand)
   (You found it on level 1 of the Dungeon)
Wands
 j - a wand of acid (11)
   (You found it on level 2 of the Dungeon)
Scrolls
 h - 2 scrolls of enchant weapon
 r - a scroll of identify
 w - 2 scrolls of remove curse
Potions
 d - a potion of might
 q - a potion of curing
Comestibles
 e - 4 rations


   Skills:
 + Level 4.7 Fighting
 * Level 5.0 Axes
 + Level 4.7 Armour
 + Level 4.7 Shields


You had 4 spell levels left.
You didn't know any spells.
Your spell library was empty.

Dungeon Overview and Level Annotations

Branches:
Dungeon (4/15)
 Temple: D:4-7

Altars:
Sif Muna

Annotations:
D:4 Pikel


Innate Abilities, Weirdness & Mutations

You reflexively headbutt those who attack you in melee.
You have a pair of horns on your head.


Message History

You are too injured to fight recklessly!
You closely miss Pikel.
Pikel is moderately wounded.
You hit the slave but do no damage. You closely miss the slave.
The slave hits you.
* * * LOW HITPOINT WARNING * * *
Pikel barely misses you. You furiously retaliate!
You headbutt Pikel! The slave hits you.
* * * LOW HITPOINT WARNING * * *
You hit Pikel. You headbutt Pikel, but do no damage.
Pikel is heavily wounded.
You hit the slave. You slash the slave!
You kill the slave!
That felt strangely unrewarding.
You block the slave's attack. Pikel hits you but does no damage.
The slave barely misses you.
You slash Pikel! Your headbutt misses Pikel.
Pikel is severely wounded.
You slash the slave!
Pikel hits you with a +0 whip of electrocution.
You die...

# ########.# #.# #.# #.# #.###.##
#.##...# #.##...# 8...8#
####.##...#### .....##
#..............
.....8#####..............
.....##.........@.........
8...8##.###....p.K........ ##_##
#.# #...............
#######.###...............
......#.#................
[#....#.#.#.............
.#.#..#.#....................
.#.#>........................
.#......#........................


You could see Pikel and a slave.

Vanquished Creatures
  3 slaves (D:4)
  A scorpion (D:4)
  An orc wizard (D:4)
  An orc priest (D:4)
  3 gnolls (D:3)
  3 adders
  2 worms (D:2)
  3 dart slugs
  3 leopard geckos
  8 orcs
  A giant cockroach (D:4)
  3 goblins
  5 hobgoblins
  4 jackals (D:2)
  A kobold (D:2)
  A quokka (D:2)
  A bat (D:2)
  3 frilled lizards
  2 rats
49 creatures vanquished.

Notes
Turn   | Place    | Note
-------+----------+-------------------------------------------
     0 | D:1      | Flugslaktarn the Minotaur Fighter began the quest for the
                  | Orb.
     0 | D:1      | Reached XP level 1. HP: 19/19 MP: 0/0
    45 | D:2      | Reached XP level 2. HP: 27/27 MP: 1/1
    85 | D:2      | Reached skill level 3 in Axes
   201 | D:2      | Reached XP level 3. HP: 28/33 MP: 2/2
   674 | D:4      | Found a shimmering blue altar of Sif Muna.
   812 | D:4      | Reached XP level 4. HP: 40/40 MP: 3/3
   838 | D:4      | Reached skill level 4 in Axes
   895 | D:4      | Reached XP level 5. HP: 14/47 MP: 4/4
  1348 | D:4      | Noticed a slave
  1354 | D:4      | Noticed Pikel
  1355 | D:4      | Noticed a slave
  1356 | D:4      | Noticed a slave
  1358 | D:4      | Noticed a slave
  1425 | D:3      | Reached skill level 5 in Axes
  1734 | D:4      | Killed a slave
  1738 | D:4      | Killed a slave
  1740 | D:4      | Killed a slave
  1741 | D:4      | Slain by Pikel

Levels and vault maps discovered:
D:1:      dpeg_arrival_oval, layout_loops_corners
D:2:      layout_basic, kennysheep_generic_room_7
D:3:      layout_loops_ring, marbit_many_paths, gup_sewer_entry_glass,
          minmay_misc_feat_room, okawaru_metal_pillars_1_2
D:4:      layout_basic, nicolae_overflow_hidden_temple, first_ration,
          feat_on_display, uniq_pikel

Skill      XL: |  1  2  3  4  5 |
---------------+----------------+-----
Axes           | 3 4 5 |  5.0
Shields        | 4 |  4.7
Fighting       | 4 |  4.7
Armour         | 4 |  4.7

Action                   |  1- 3 |  4- 6 || total
-------------------------+-------+-------++-------
Melee: War axe           |    70 |    48 ||   118
       Headbutt          |    14 |     7 ||    21
  Use: Scroll            |       |     3 ||     3
  Eat: Chunk             |       |     2 ||     2
Armor: Scale mail        |    26 |    20 ||    46
       Chain mail        |       |    17 ||    17
Dodge: Dodged            |    21 |    17 ||    38
Block: Kite shield       |    39 |    39 ||    78

Table legend:
 A = Non-vault XP
 B = Vault XP
 C = Vault XP percentage of total XP
 D = Non-vault monster count
 E = Vault monster count
 F = Vault count percentage of total count
                 A         B        C        D         E       F
            +---------+---------+-------+---------+---------+-------
      Total |     329 |       0 |   0.0 |      46 |       0 |   0.0
            +---------+---------+-------+---------+---------+-------
        D:1 |       3 |       0 |   0.0 |       2 |       0 |   0.0
        D:2 |      73 |       0 |   0.0 |      21 |       0 |   0.0
        D:3 |      63 |       0 |   0.0 |      12 |       0 |   0.0
        D:4 |     190 |       0 |   0.0 |      11 |       0 |   0.0
            +---------+---------+-------+---------+---------+-------
